 Dungeon Crawl Stone Soup version 0.31-a0-365-gcf821cafb2 (webtiles) character file.

Game seed: 11875103058491317129

204 drugrobin the Chopper (level 5, 42/42 HPs)
             Began as a Demigod Delver on July 28, 2023.
             Quit the game on level 1 of the Dungeon.
             The game lasted 00:07:11 (2224 turns).

drugrobin the Chopper (Demigod Delver)              Turns: 2224, Time: 00:07:12

Health: 42/42      AC: 10    Str: 17    XL:     5   Next: 26%
Magic:  16/16      EV:  8    Int: 12    God:
Gold:   147        SH:  0    Dex: 15    Spells: 4/4 levels left

rFire   . . .        a - +0 hand axe
rCold   . . .        (no shield)
rNeg    . . .        m - +0 chain mail
rPois   .            x - +0 helmet
rElec   .            (no cloak)
rCorr   .            p - +0 pair of gloves
SInv    .            (no boots)
Will    .....        k - amulet of guardian spirit Stlth
                     e - ring of flight
HPRegen 0.27/turn    u - ring of magical power
MPRegen 0.15/turn

%: guardian spirit
@: flying
A: high MP 1, forlorn, divine attributes
a: no special abilities


You were on level 1 of the Dungeon.
You visited 1 branch of the dungeon, and saw 5 of its levels.

You collected 147 gold pieces.

Inventory:

Hand Weapons
 a - a +0 hand axe (weapon)
 b - a +0 sling
Missiles
 l - 3 boomerangs
 v - 2 throwing nets
Armour
 h - a +0 ring mail
 m - a +0 chain mail (worn)
 p - a +0 pair of gloves (worn)
 w - a +0 leather armour
 x - a +0 helmet (worn)
Jewellery
 e - a ring of flight (left hand)
 i - an amulet of the acrobat
 k - an amulet of guardian spirit (around neck)
 u - a ring of magical power (right hand)
Wands
 g - a wand of digging (3)
 r - a wand of charming (7)
Scrolls
 c - 2 scrolls of fog
 d - 2 scrolls of revelation
 o - a scroll of torment {unknown}
 s - 2 scrolls of identify {unknown}
 y - a scroll of brand weapon {unknown}
 A - a scroll of enchant weapon {unknown}
Potions
 f - a potion of haste
 j - 2 potions of lignification {unknown}
 n - 2 potions of mutation {unknown}
 q - a potion of might {unknown}
 t - a potion of resistance {unknown}
 z - 2 potions of ambrosia {unknown}


   Skills:
 - Level 2.6 Fighting
 + Level 5.3 Axes
 - Level 1.7 Dodging
 - Level 4.5 Stealth


You had 4 spell levels left.
You didn't know any spells.
Your spell library contained the following spells:

 Spells                   Type           Power      Damage    Failure   Level
 Sublimation of Blood     Necr           0%         N/A       99%         2
 Wereblood                Tmut           0%         N/A       99%         2
 Stone Arrow              Conj/Erth      0%         3d7       100%        3
 Animate Armour           Summ/Erth      0%         N/A       100%        4
 Conjure Ball Lightning   Conj/Air       0%         3x3d6     100%        6
 Summon Hydra             Summ           0%         N/A       100%        7
 Discord                  Hex            0%         N/A       100%        8
 Disjunction              Tloc           0%         N/A       100%        8
 Lehudib's Crystal Spear  Conj/Erth      0%         10d2      100%        8


Dungeon Overview and Level Annotations

Branches:
Dungeon (5/15)
 Temple: D:4-7


Innate Abilities, Weirdness & Mutations

You have an increased reservoir of magic. (+10% MP)
You shall have no god before yourself.
Your divine heritage dramatically boosts your attributes as you level up.


Message History

The hobgoblin hits you but does no damage.
You hit the hobgoblin.
You kill the hobgoblin!
A rat comes into view.
You see here a hobgoblin corpse.
The rat barely misses you.
You barely miss the rat. The rat bites you but does no damage.
You closely miss the rat. The rat completely misses you.
You hit the rat but do no damage. The rat barely misses you.
You closely miss the rat. The rat bites you but does no damage.
You slash the rat!
You kill the rat!
You see here a rat corpse.
Found a stone staircase leading down.
A rat comes into view.
The rat moves out of view.
You hit the rat.
The rat is severely wounded.
The rat barely misses you.
You hit the rat.
You kill the rat!
There is a stone staircase leading down here.
Could not explore, unopened door.
You reach down and open the door.
There is an open door here.
There is an open door here.
You see here a quokka skeleton.
Could not explore, unopened door.
You reach down and open the door.
A goblin comes into view. It is wielding a +0 dagger.
The goblin shouts!
There is an open door here.
The goblin hits you with a +0 dagger.
You slash the goblin!
You kill the goblin!
You see here a +0 dagger.
Okay, then.
Okay, then.
Unknown command.
Are you sure you want to abandon this character and quit the game? (Confirm with "yes".)

#. #. #. #. #. #.
###### #.
####....#########.
#@..)...'.........
#.##....##########
#.##....#
#.##....#
..####### ###


There were no monsters in sight!

Vanquished Creatures
  An iguana (D:4)
  An orc wizard (D:3)
  4 gnolls
  4 adders
  2 dart slugs (D:1)
  7 orcs
  5 endoplasms
  A giant cockroach (D:1)
  7 goblins
  6 hobgoblins
  2 jackals (D:1)
  6 quokkas
  9 ball pythons
  4 bats (D:1)
  A frilled lizard (D:1)
  4 kobolds
  6 rats
70 creatures vanquished.

Notes
Turn   | Place    | Note
-------+----------+-------------------------------------------
     0 | D:5      | drugrobin the Demigod Delver began the quest for the Orb.
     0 | D:5      | Reached XP level 1. HP: 18/18 MP: 3/3
     7 | D:5      | Noticed a sleepcap
    26 | D:4      | Reached skill level 2 in Axes
   117 | D:4      | Reached XP level 2. HP: 12/25 MP: 4/4
   255 | D:4      | Noticed a howler monkey
   455 | D:3      | Reached skill level 3 in Axes
   473 | D:3      | Reached XP level 3. HP: 26/30 MP: 5/5
   668 | D:4      | Reached skill level 4 in Axes
  1027 | D:3      | Reached XP level 4. HP: 37/37 MP: 6/6
  1606 | D:2      | Reached skill level 5 in Axes
  1622 | D:2      | Reached XP level 5. HP: 41/42 MP: 7/7
  2224 | D:1      | Quit the game

Illustrated notes

Levels and vault maps discovered:
D:1:      dpeg_arrival_shrine, layout_basic
D:2:      layout_basic
D:3:      layout_rooms, serial_rivers, chequers_serial_rivers_micro_e,
          chequers_serial_rivers_room_a, chequers_serial_rivers_small_b,
          chequers_serial_rivers_small_a, chequers_serial_rivers_room_a
D:4:      layout_basic
D:5:      layout_loops_ring, serial_shops, shop, ebering_ghost_reflecting_pool,
          minmay_splitting_lines, kennysheep_cluttered_room,
          eino_small_chamber_without_monster

Skill      XL: |  1  2  3  4 |
---------------+-------------+-----
Axes           | 2 3 4 5 |  5.3
Fighting       | |  2.6
Dodging        | |  1.7
Stealth        | |  4.5

Action                     |  1- 3 |  4- 6 || total
---------------------------+-------+-------++-------
  Melee: Hand axe          |   114 |   153 ||   267
         Punch             |     3 |     2 ||     5
   Fire: Sling             |       |    16 ||    16
    Use: Scroll            |     1 |       ||     1
   Stab: Sleeping          |     1 |       ||     1
 Armour: Leather armour    |     5 |       ||     5
         Chain mail        |    39 |    81 ||   120
  Dodge: Dodged            |    57 |    54 ||   111

Table legend: (Time is in decaauts)
 A = Elapsed time spent in this place.
 B = Non-inter-level travel time spent in this place.
 C = Inter-level travel time spent in this place.
 D = Time resting spent in this place.
 E = Time spent auto-exploring this place.
 F = Levels seen in this place.
 G = Mean time per level.
                   A        B        C        D        E       F      G
               +--------+--------+--------+--------+--------+-----+--------+
         Total |   2256 |   2148 |    108 |    245 |    803 |   5 |  451.2 |
       Dungeon |   2256 |   2148 |    108 |    245 |    803 |   5 |  451.2 |
               +--------+--------+--------+--------+--------+-----+--------+

Top non-repeatable levels by time:
     D:4: 850 daAuts
     D:3: 591 daAuts
     D:1: 462 daAuts
     D:2: 269 daAuts
     D:5: 83 daAuts
